 Dungeon Crawl Stone Soup version 0.17-a0-2064-g265a032 (webtiles) character file.

109 brucemayne the Chopper (level 4, -1/57 HPs)
             Began as a Centaur Berserker on Oct 12, 2015.
             Was a Believer of Trog.
             Slain by Pikel
             ... wielding a +2 whip of electrocution
              (4 damage)
             ... on level 4 of the Dungeon.
             The game lasted 00:03:46 (614 turns).

brucemayne the Chopper (Centaur Berserker)           Turns: 614, Time: 00:03:46

Health: -1/57      AC:  4    Str: 24    XL:     4   Next: 60%
Magic:  4/4        EV:  9    Int:  6    God:    Trog [**....]
Gold:   25         SH:  0    Dex: 10    Spells: 0 memorised, 3 levels left

rFire  . . .     SeeInvis .     a - +0 hand axe
rCold  . . .     Clarity  .     e - +0 leather armour
rNeg   . . .     SustAt   .     (no shield)
rPois  .         Gourm    .     (no helmet)
rElec  .         Spirit   .     (no cloak)
rCorr  .         Warding  .     (no gloves)
rMut   .         Stasis   .     (no barding)
MR     .....                    (no amulet)
Stlth  ..........               (no ring)
                                (no ring)

@: berserking, very quick, not resistant to hostile enchantments, extremely
unstealthy
A: hooves 3, deformed body, speed 2, tough skin 3
a: Burn Spellbooks, Berserk, Trog's Hand, Renounce Religion


You were on level 4 of the Dungeon.
You worshipped Trog.
Trog was pleased with you.
You were very hungry.

You visited 1 branch of the dungeon, and saw 4 of its levels.

You collected 25 gold pieces.

Inventory:

Hand Weapons
 a - a +0 hand axe (weapon)
 j - a +0 war axe
Missiles
 l - 12 poisoned needles
Armour
 b - a +0 animal skin
 e - a +0 leather armour (worn)
Scrolls
 g - a scroll of teleportation {unknown}
 h - a scroll of fog {unknown}
Potions
 d - a potion of magic
 i - a potion of curing
 k - a potion of might {unknown}
Comestibles
 c - 2 bread rations


   Skills:
 - Level 3.0 Fighting
 + Level 4.9 Axes
 - Level 1.3 Armour
 - Level 1.3 Dodging


You had 3 spell levels left.
You didn't know any spells.

Dungeon Overview and Level Annotations

Branches:
Dungeon (4/15)
 Temple: D:4-7

Altars:
Ru

Annotations:
D:4 Pikel


Innate Abilities, Weirdness & Mutations

You have hooves in place of feet.
Armour fits poorly on your strangely shaped body.
You cover ground very quickly.
You have extremely tough skin (AC +3).


Message History

You closely miss the goblin. Your kick misses the goblin.
The goblin barely misses you.
You hit the goblin.
The goblin is lightly wounded.
The goblin closely misses you.
You slash the goblin!
You kill the goblin!
Trog accepts your kill.
Use which ability?
A red film seems to cover your vision as you go berserk!
You feel yourself moving faster!
You feel mighty!
You are feeling very hungry.
Pikel hits you with a whip of electrocution.
* * * LOW HITPOINT WARNING * * *
You are electrocuted!
* * * LOW HITPOINT WARNING * * *
You hit Pikel. Your kick misses Pikel.
Pikel is lightly wounded.
Pikel hits you with a whip of electrocution.
You die...

#. #.# #.#.# #. #.# #.#.#
###. #.# #.#.# ...
#.###.#.#########
.#####.####................
................###.######
##.##..#.#.##### #.# #.
##...##.#<#.#######.##
#..#..#..#.#.#.@Kpppg.g.#
..#.#(#.#.#.#.#######g.#
....#....#p#.# #..#
#.#$#.#...#.# #l.# #
#..#..#.....# #..# #.
#...##.....# #g.#
#..##p##..#..##### #g.#
#.......p.......#####.#
###...####.<###....##K#####


You could see Pikel, 3 slaves, a hobgoblin and 2 goblins.

Vanquished Creatures
  A hound (D:4)
  Natasha (D:3)
  A worker ant zombie (D:4)
  3 adders
  A giant gecko (D:4)
  A bat (D:2)
  5 goblins
  A giant cockroach (D:2)
  2 giant newts
  4 jackals (D:3)
  3 kobolds
  A rat (D:2)
24 creatures vanquished.

Notes
Turn   | Place    | Note
--------------------------------------------------------------
     0 | D:1      | brucemayne the Centaur Berserker began the quest for the Orb.
     0 | D:1      | Reached XP level 1. HP: 19/19 MP: 1/1
   118 | D:2      | Reached XP level 2. HP: 6/26 MP: 2/2
   192 | D:2      | Found a sacrificial altar of Ru.
   204 | D:2      | HP: 1/39 [poisoned by an adder]
   302 | D:3      | Reached XP level 3. HP: 5/31 MP: 3/3
   408 | D:2      | Noticed Natasha
   411 | D:2      | Reached skill level 4 in Axes
   429 | D:3      | Killed Natasha
   471 | D:4      | Reached XP level 4. HP: 24/38 MP: 4/4
   534 | D:4      | Noticed a slave
   543 | D:4      | Noticed a slave
   544 | D:4      | Noticed a slave
   544 | D:4      | Noticed a slave
   545 | D:4      | Noticed Pikel
   608 | D:4      | Reached ** piety under Trog
   614 | D:4      | Slain by Pikel

Vault maps used:
D:1:      dpeg_arrival_three_bigger_balls
D:2:      nicolae_ru_awakened_eye, uniq_terence, uniq_natasha
D:3:      first_bread
D:4:      lemuel_crystal_altar, minmay_temple_entry_purple_smoke,
          minmay_box_of_dots, uniq_menkaure, uniq_blork_the_orc, uniq_robin,
          uniq_pikel

Action                   |  1- 3 |  4- 6 || total
-------------------------+-------+-------++-------
Melee: Hand axe          |    45 |    32 ||    77
Invok: Berserk           |     6 |     1 ||     7
  Use: Potion            |     3 |       ||     3
  Eat: Chunk             |     3 |     1 ||     4
